 Dungeon Crawl Stone Soup version 0.31-a0-765-g67fe2935dc (webtiles) character file.

Game seed: 15065295077315435704

38 pokeman the Magician (level 3, -3/20 HPs)
             Began as a Deep Elf Hedge Wizard on Sept 15, 2023.
             Slain by a river rat (7 damage)
             ... in a sewer.
             The game lasted 00:03:25 (2297 turns).

pokeman the Magician (Deep Elf Hedge Wizard)        Turns: 2297, Time: 00:03:25

Health: -3/20      AC:  3    Str:  7    XL:     3   Next: 25%
Magic:  2/11       EV: 12    Int: 20    God:
Gold:   125        SH:  0    Dex: 14    Spells: 4/12 levels left

rFire   . . .        t - +0 mace (protect)
rCold   . . .        (no shield)
rNeg    + . .        b - +0 robe
rPois   .            c - +0 hat
rElec   .            (no cloak)
rCorr   .            (no gloves)
SInv    .            h - +0 pair of boots
Will    .....        (no amulet)
Stlth   ++           m - ring of positive energy
HPRegen 0.23/turn    (no ring)
MPRegen 0.12/turn

%: no passive effects
@: very slightly contaminated
A: no striking features
a: no special abilities


You were in a sewer.
You visited 1 branch of the dungeon, and saw 3 of its levels.
You also visited: Sewer.

You collected 125 gold pieces.

Inventory:

Hand Weapons
 t - a +0 mace of protection (weapon)
Armour
 b - a +0 robe (worn)
 c - a +0 hat (worn)
 h - a +0 pair of boots (worn)
Jewellery
 m - a ring of positive energy (left hand)
Scrolls
 e - 2 scrolls of amnesia {unknown}
 i - a scroll of revelation {unknown}
 j - 3 scrolls of identify {unknown}
 o - a scroll of noise {unknown}
 q - a scroll of enchant armour {unknown}
Potions
 d - a potion of magic
 f - 3 potions of curing {unknown}
 g - a potion of mutation {unknown}
 k - 2 potions of heal wounds {unknown}
 l - 3 potions of might {unknown}
 n - 2 potions of degeneration {unknown}
 p - a potion of haste {unknown}
 r - a potion of brilliance {unknown}
 s - a potion of resistance {unknown}


   Skills:
 + Level 0.9 Fighting
 + Level 0.8 Armour
 - Level 2.4 Dodging
 - Level 2.4 Stealth
 * Level 5.1 Spellcasting
 + Level 1.7 Conjurations
 - Level 1.1 Summonings
 - Level 1.1 Translocations


You had 4 spell levels left.
You knew the following spells:

 Your Spells              Type           Power      Damage    Failure   Level
a - Magic Dart            Conj           48%        1d5       5%          1
b - Mephitic Cloud        Conj/Pois/Air  7%         N/A       26%         3
c - Call Imp              Summ           18%        N/A       11%         2
d - Blink                 Tloc           18%        N/A       11%         2

Your spell library contained the following spells:

 Spells                   Type           Power      Damage    Failure   Level
 Slow                     Hex            20%        N/A       12%         1
 Sting                    Tmut/Pois      20%        1d4       12%         1
 Cigotuvi's Dreadful Rot  Necr/Pois/Air  10%        N/A       17%         2
 Poisonous Vapours        Pois/Air       10%        N/A       17%         2
 Olgreb's Toxic Radiance  Pois           5%         N/A       75%         4
 Freezing Cloud           Conj/Ice/Air   3%         6-21      94%         5


Dungeon Overview and Level Annotations

Branches:
Dungeon (3/15)              Sewer (1/1)

Altars:


Message History

Aiming: Magic Dart (safe; 5% risk of failure)
Press: ? - help, Shift-Dir - straight line, f/p - river rat
Aim: a river rat (lightly wounded, 100% to hit)
The magic dart hits the river rat.
The river rat is moderately wounded.
The rat barely misses you.
Casting: Magic Dart (safe; 5% risk of failure)
Confirm with . or Enter, or press ? or * to list all spells.
Aiming: Magic Dart (safe; 5% risk of failure)
Press: ? - help, Shift-Dir - straight line, f/p - river rat
Aim: a river rat (moderately wounded, 100% to hit)
The magic dart hits the river rat but does no damage.
The river rat is moderately wounded.
The rat bites you.
Casting: Magic Dart (safe; 5% risk of failure)
Confirm with . or Enter, or press ? or * to list all spells.
Aiming: Magic Dart (safe; 5% risk of failure)
Press: ? - help, Shift-Dir - straight line, f/p - river rat
Aim: a river rat (moderately wounded, 100% to hit)
The magic dart hits the river rat but does no damage.
The river rat is moderately wounded.
The rat closely misses you. The river rat bites you!
* * * LOW HITPOINT WARNING * * *
Casting: Magic Dart (safe; 5% risk of failure)
Confirm with . or Enter, or press ? or * to list all spells.
Aiming: Magic Dart (safe; 5% risk of failure)
Press: ? - help, Shift-Dir - straight line, f/p - river rat
Aim: a river rat (moderately wounded, 100% to hit)
The magic dart hits the river rat.
The river rat is heavily wounded.
The rat bites you.
* * * LOW HITPOINT WARNING * * *
The river rat bites you.
* * * LOW HITPOINT WARNING * * *
Casting: Magic Dart (safe; 5% risk of failure)
Confirm with . or Enter, or press ? or * to list all spells.
You miscast Blink.
You are very lightly contaminated with residual magic.
Nothing appears to happen.
The rat closely misses you. The river rat bites you!
You die...

#~#
#.#
#†#
#.#
#.#
#.#
#r#
#@#
#r#
#r#
#.#
#.#
#.#
#.#
#.#


You could see a river rat and 2 rats.

Vanquished Creatures
  A dart slug (D:1)
  An orc (D:2)
  4 endoplasms
  A giant cockroach (D:1)
  2 goblins
  3 hobgoblins
  7 jackals
  A quokka (D:1)
  4 bats
  3 frilled lizards
  2 kobolds
  2 rats
31 creatures vanquished.

Notes
Turn   | Place    | Note
-------+----------+-------------------------------------------
     0 | D:1      | pokeman the Deep Elf Hedge Wizard began the quest for the
                  | Orb.
     0 | D:1      | Reached XP level 1. HP: 10/10 MP: 7/7
   302 | D:1      | Reached XP level 2. HP: 10/16 MP: 1/9
  1200 | D:2      | Reached skill level 5 in Spellcasting
  1474 | D:2      | Reached XP level 3. HP: 20/20 MP: 8/11
  1478 | D:2      | Learned a level 3 spell: Mephitic Cloud
  1481 | D:2      | Learned a level 2 spell: Call Imp
  1484 | D:2      | Learned a level 2 spell: Blink
  2280 | D:3      | Found a glowing drain.
  2289 | Sewer    | Entered a sewer
  2297 | Sewer    | Slain by a river rat

Illustrated notes

Levels and vault maps discovered:
D:1:      noname_arrival_rooms_in_the_neighbourhood, layout_basic
D:2:      layout_basic, serial_curves, eino_curves_03, eino_curves_03,
          grunt_decor_clamped
D:3:      layout_loops_ring, cheibrodos_sewer_entry_bend
Sewer:    sewer_kobolds

Skill      XL: |  1  2 |
---------------+-------+-----
Spellcasting   | 5 |  5.1
Fighting       | |  0.9
Armour         | |  0.8
Dodging        | |  2.4
Stealth        | |  2.4
Conjurations   | |  1.7
Summonings     | |  1.1
Translocations | |  1.1

Action                     || total
---------------------------++-------
  Melee: Dagger            ||    61
         Mace              ||     3
   Cast: Magic Dart        ||    83
 Armour: Robe              ||    58
  Dodge: Dodged            ||    63

Table legend: (Time is in decaauts)
 A = Elapsed time spent in this place.
 B = Non-inter-level travel time spent in this place.
 C = Inter-level travel time spent in this place.
 D = Time resting spent in this place.
 E = Time spent auto-exploring this place.
 F = Levels seen in this place.
 G = Mean time per level.
                   A        B        C        D        E       F      G
               +--------+--------+--------+--------+--------+-----+--------+
         Total |   2299 |   2121 |    178 |      0 |   1827 |   4 |  574.8 |
       Dungeon |   2291 |   2113 |    178 |      0 |   1827 |   3 |  763.7 |
         Sewer |      7 |      7 |      0 |      0 |      0 |   1 |    7.0 |
               +--------+--------+--------+--------+--------+-----+--------+

Top non-repeatable levels by time:
     D:1: 1130 daAuts
     D:2: 1119 daAuts
     D:3: 42 daAuts
   Sewer: 7 daAuts
